 Dungeon Crawl Stone Soup version 0.31-a0-365-gcf821cafb2 (webtiles) character file.

Game seed: 3227489470556940277

409 promet the Trooper (level 6, -2/56 HPs)
             Began as a Hill Orc Fighter on July 27, 2023.
             Was an Initiate of Hepliaklqana.
             Slain by a two-headed ogre
             ... wielding a +0 giant club
              (14 damage)
             ... on level 5 of the Dungeon.
             The game lasted 00:17:38 (4808 turns).

promet the Trooper (Hill Orc Fighter)               Turns: 4808, Time: 00:17:38

Health: -2/56      AC: 15    Str: 19    XL:     6   Next: 89%
Magic:  6/6        EV:  4    Int:  8    God:    Hepliaklqana [......]
Gold:   229        SH:  4    Dex: 12    Spells: 5/5 levels left

rFire   . . .        a - +2 scimitar (heavy)
rCold   + . .        c - +0 buckler
rNeg    . . .        r - +1 chain mail
rPois   .            (no helmet)
rElec   .            (no cloak)
rCorr   .            f - +2 pair of gloves
SInv    .            j - +0 pair of boots
Will    .....        s - amulet of the acrobat Stlth
                     g - ring of protection from cold
HPRegen 0.29/turn    (no ring)
MPRegen 0.10/turn

%: acrobat
@: grasped by roots, constricted
A: no striking features
a: Renounce Religion


You were on level 5 of the Dungeon.
You worshipped Hepliaklqana.
Hepliaklqana was noncommittal.
You visited 2 branches of the dungeon, and saw 6 of its levels.

You collected 229 gold pieces.

Inventory:

Hand Weapons
 a - a +2 heavy scimitar (weapon)
 b - a +0 sling
 d - a +0 war axe of electrocution
 k - a +0 spear
 o - a +0 mace
Missiles
 e - 30 stones
 x - 4 atropa-tipped darts
Armour
 c - a +0 buckler (worn)
 f - a +2 pair of gloves (worn)
 h - a +0 plate armour
 j - a +0 pair of boots (worn)
 r - a +1 chain mail (worn)
Magical Staves
 t - a staff of conjuration
Jewellery
 g - a ring of protection from cold (left hand)
 s - an amulet of the acrobat (around neck)
 v - an amulet of guardian spirit
Scrolls
 i - 5 scrolls of poison
Potions
 l - 2 potions of curing
 m - 3 potions of mutation {unknown}
 n - a potion of ambrosia {unknown}
 p - a potion of lignification {unknown}
 q - a potion of heal wounds
 u - a potion of cancellation {unknown}
 w - 2 potions of attraction {unknown}


   Skills:
 + Level 5.6 Fighting
 * Level 0.6 Long Blades
 + Level 5.3 Axes
 + Level 2.2 Ranged Weapons
 + Level 4.4 Armour
 + Level 0.8 Dodging
 + Level 3.8 Shields


You had 5 spell levels left.
You didn't know any spells.
Your spell library contained the following spells:

 Spells                   Type           Power      Damage    Failure   Level
 Cigotuvi's Dreadful Rot  Necr/Pois/Air  0%         N/A       100%        2
 Ignite Poison            Fire/Tmut/Pois 0%         N/A       100%        3
 Freezing Cloud           Conj/Ice/Air   0%         6-21      100%        5


Dungeon Overview and Level Annotations

Branches:
Dungeon (5/15)             Temple (1/1) D:4

Altars:
Ashenzari
Cheibriados
Dithmenos
Elyvilon
Fedhas
Gozag
Hepliaklqana
Kikubaaqudgha
Makhleb
Nemelex Xobeh
Okawaru
Qazlal
Ru
Sif Muna
Trog
Uskayaw
Vehumet
Yredelemnul
Zin
The Shining One

Annotations:
D:3 3 runed translucent doors, Brisketman's ghost, amateur BaWr
D:5 Ijyb


Message History

The sling bullet hits the two-headed ogre but does no damage.
The two-headed ogre is engulfed in poison gas.
The two-headed ogre is poisoned.
The two-headed ogre hits you with a +0 giant club!
The two-headed ogre completely misses you.
a - a +2 heavy scimitar (weapon)
Okay, then.
You hit the two-headed ogre but do no damage.
The two-headed ogre is lightly wounded.
The two-headed ogre is engulfed in poison gas.
The two-headed ogre looks even sicker.
The two-headed ogre completely misses you.
The two-headed ogre hits you but does no damage.
You hit the two-headed ogre but do no damage.
The two-headed ogre is lightly wounded.
Ijyb zaps a wand.
The roots erupt in riotous growth!
The two-headed ogre is unaffected.
The grasping roots grab you! The grasping roots constrict you.
The two-headed ogre is engulfed in poison gas.
The two-headed ogre looks even sicker.
The two-headed ogre hits you with a +0 giant club!
The two-headed ogre hits you with a +0 dire flail.
The grasping roots constrict you.
The two-headed ogre is engulfed in poison gas.
The two-headed ogre looks as sick as possible!
The two-headed ogre hits you with a +0 giant club.
The two-headed ogre hits you with a +0 dire flail.
* * * LOW HITPOINT WARNING * * *
Okay, then.
You slash the two-headed ogre!
The two-headed ogre is severely wounded.
Ijyb screams, "It's all mine!"
The grasping roots constrict you.
* * * LOW HITPOINT WARNING * * *
The grasping roots constrict you.
The two-headed ogre is engulfed in poison gas.
The two-headed ogre looks as sick as possible!
The two-headed ogre hits you with a +0 giant club!
You die...

○§§§§§§# ☼§§§○§
§§g§○ ☼○§§# #§☼§#
#.☼§# #O§# #@§# #§§#
###§§##
#########.☼○☼○###
##.........☼☼§§○.##
#.........§§§○§☼○.##
#.........§§§§§§§§..
#..#####.§§§§§☼§§○§.
#...###.............


You could see a two-headed ogre (extremely poisoned) and Ijyb.

Vanquished Creatures
  A phantom (D:4)
  Blork the orc (D:4)
  A hound (D:4)
  An orc priest (D:4)
  A sleepcap (D:4)
  An orc wizard (D:4)
  Terence (D:2)
  4 adders
  An ufetubus (D:4)
  2 dart slugs (D:1)
  11 orcs
  9 bats
  5 endoplasms
  8 goblins
  5 hobgoblins
  3 jackals (D:1)
  8 kobolds
  6 quokkas
  7 ball pythons
  A frilled lizard (D:2)
  2 rats (D:1)
79 creatures vanquished.

Notes
Turn   | Place    | Note
-------+----------+-------------------------------------------
     0 | D:1      | promet the Hill Orc Fighter began the quest for the Orb.
     0 | D:1      | Reached XP level 1. HP: 19/19 MP: 1/1
   332 | D:1      | Reached XP level 2. HP: 27/27 MP: 2/2
  1049 | D:1      | Reached XP level 3. HP: 32/33 MP: 3/3
  2133 | D:2      | Noticed Terence
  2164 | D:2      | Killed Terence
  2165 | D:2      | Reached XP level 4. HP: 15/41 MP: 4/4
  2570 | D:3      | Found a basalt altar of Yredelemnul.
  3162 | D:3      | Found a runed translucent gate.
  3162 | D:3      | Found an opulent altar of Gozag.
  3162 | D:3      | Found a runed translucent gate.
  3163 | D:3      | Found a runed translucent gate.
  3164 | D:3      | Noticed a scorpion
  3165 | D:3      | Noticed Brisketman's ghost (amateur BaWr)
  3693 | D:3      | Reached skill level 5 in Fighting
  3706 | D:4      | Reached XP level 5. HP: 46/48 MP: 5/5
  3848 | D:4      | Found an iron altar of Okawaru.
  3868 | D:4      | Reached skill level 1 in Ranged Weapons
  3900 | D:4      | Found a staircase to the Ecumenical Temple.
  3963 | Temple   | Entered the Ecumenical Temple
  4032 | Temple   | Became a worshipper of Hepliaklqana the Forgotten
  4094 | D:4      | Reached XP level 6. HP: 40/56 MP: 6/6
  4304 | D:4      | Found a burning altar of Makhleb.
  4305 | D:4      | Found a hide-covered altar of Uskayaw.
  4305 | D:4      | Found a broken altar of Ashenzari.
  4413 | D:4      | Noticed Blork the orc
  4422 | D:4      | Killed Blork the orc
  4423 | D:4      | Reached skill level 5 in Axes
  4735 | D:5      | Entered Level 5 of the Dungeon
  4800 | D:5      | Noticed a two-headed ogre
  4801 | D:5      | Noticed Ijyb
  4808 | D:5      | Slain by a two-headed ogre

Illustrated notes

Levels and vault maps discovered:
D:1:      dpeg_arrival_arbitrary_a, layout_loops_ring
D:2:      layout_basic, uniq_terence
D:3:      minmay_wonky_spiral, layout_basic, nicolae_overflow_hidden_temple,
          ebering_ghost_gozag, grunt_decor_resistance
D:4:      layout_cave_pools, general_overflow_altar,
          gammafunk_temple_overflow_forgotten,
          minmay_temple_entry_drinking_statues, uniq_blork_the_orc
D:5:      layout_layer_cave, nicolae_wu_jian_wuxing_cycle, uniq_ijyb
Temple:   zaba_magenta_temple

Skill      XL: |  1  2  3  4  5  6 |
---------------+-------------------+-----
Fighting       | 4 5 |  5.6
Axes           | 3 4 5 |  5.3
Armour         | 4 |  4.4
Ranged Weapons | 1 2 |  2.2
Long Blades    | |  0.6
Dodging        | |  0.8
Shields        | |  3.8

Action                     |  1- 3 |  4- 6 || total
---------------------------+-------+-------++-------
  Melee: War axe           |   103 |   112 ||   215
         Scimitar          |       |    11 ||    11
   Fire: Sling             |    10 |    31 ||    41
    Use: Scroll            |     4 |     8 ||    12
         Potion            |       |     1 ||     1
 Armour: Scale mail        |    67 |    10 ||    77
         Chain mail        |       |    88 ||    88
  Dodge: Dodged            |    60 |    66 ||   126
  Block: Buckler           |    37 |    35 ||    72

Table legend: (Time is in decaauts)
 A = Elapsed time spent in this place.
 B = Non-inter-level travel time spent in this place.
 C = Inter-level travel time spent in this place.
 D = Time resting spent in this place.
 E = Time spent auto-exploring this place.
 F = Levels seen in this place.
 G = Mean time per level.
                   A        B        C        D        E       F      G
               +--------+--------+--------+--------+--------+-----+--------+
         Total |   4913 |   4795 |    118 |   1376 |   1648 |   6 |  818.8 |
       Dungeon |   4829 |   4711 |    118 |   1376 |   1648 |   5 |  965.8 |
        Temple |     84 |     84 |      0 |      0 |      0 |   1 |   84.0 |
               +--------+--------+--------+--------+--------+-----+--------+

Top non-repeatable levels by time:
     D:2: 1424 daAuts
     D:1: 1186 daAuts
     D:3: 1133 daAuts
     D:4: 1009 daAuts
  Temple: 84 daAuts
     D:5: 74 daAuts
